 Dungeon Crawl Stone Soup version 0.28-a0-1506-g3893175d92 (webtiles) character file.

Game seed: 16850342215240824390

94 shadowrider38 the Chiller (level 4, -1/36 HPs)
             Began as a Demigod Ice Elementalist on Jan 14, 2022.
             Blown up by Ijyb (11 damage)
             ... with a mindburst bolt
             ... on level 3 of the Dungeon.
             The game lasted 00:08:44 (3282 turns).

shadowrider38 the Chiller (DgIE)                    Turns: 3282, Time: 00:08:45

Health: -1/36      AC:  4    Str:  9    XL:     4   Next: 16%
Magic:  17/18      EV: 11    Int: 21    God:
Gold:   169        SH:  0    Dex: 14    Spells: 3/7 levels left

rFire   . . .      SeeInvis .   a - +2 flail (holy)
rCold   . . .      Faith    .   (no shield)
rNeg    . . .      Spirit   .   c - +0 leather armour
rPois   .          Reflect  .   f - +0 helmet
rElec   .          Harm     .   (no cloak)
rCorr   .          Rampage  .   (no gloves)
Will    .....                   (no boots)
Stlth   ++........              (no amulet)
HPRegen 0.12/turn               e - ring of magical power
MPRegen 0.16/turn               (no ring)

@: no status effects
A: high mp 1, forlorn, divine attributes
a: no special abilities


You were on level 3 of the Dungeon.
You visited 1 branch of the dungeon, and saw 3 of its levels.

You collected 169 gold pieces.

Inventory:

Hand Weapons
 a - a +2 flail of holy wrath (weapon)
Armour
 c - a +0 leather armour (worn)
 f - a +0 helmet (worn)
Jewellery
 e - a ring of magical power (left hand)
 i - a ring of fire
Scrolls
 g - a scroll of silence {unknown}
 h - a scroll of magic mapping {unknown}
Potions
 b - 2 potions of curing {unknown}
 d - a potion of heal wounds


   Skills:
 - Level 2.0 Fighting
 - Level 2.0 Dodging
 - Level 2.0 Stealth
 - Level 2.0 Spellcasting
 + Level 4.5 Ice Magic


You had 3 spell levels left.
You knew the following spells:

 Your Spells              Type           Power      Damage    Failure   Level
a - Freeze                Ice            84%        1d10      3%          1
b - Frozen Ramparts       Ice            42%        1d6       10%         3

Your spell library contained the following spells:

 Spells                   Type           Power      Damage    Failure   Level
 Ozocubu's Armour         Ice            21%        N/A       10%         3
 Hailstorm                Conj/Ice       11%        3d5       63%         4


Dungeon Overview and Level Annotations

Branches:
Dungeon (3/15)

Annotations:
D:2 exclusion: 2 downstairs
D:3 2 transporters, Ijyb


Innate Abilities, Weirdness & Mutations

You have an increased reservoir of magic. (+10% MP)
You shall have no god before yourself.
Your divine heritage dramatically boosts your attributes as you level up.


Message History

The gnoll sergeant shouts!
You hear a shout!
The gnoll shouts!
You see here 13 sling bullets.
Found two transporters.
The gnoll shouts!
Found a long sword.
The gnoll shouts!
The gnoll shouts!
You hear a shout!
You now have 159 gold pieces (gained 6).
The gnoll shouts!
The gnoll shouts!
Key pressed, stopping explore.
You now have 169 gold pieces (gained 10).
Ijyb and a bat come into view.
Ijyb is wielding a +3 dagger of venom and carrying a wand of mindburst (16).
Found a stone staircase leading down.
A bat is nearby!
A bat is nearby!
A bat is nearby!
A bat is nearby!
Aiming: Freeze (safe; 3% risk of failure)
Press: ? - help, Q - select action Shift-Dir - straight line, f - bat
Aim: a bat (asleep)
You freeze the bat.
The bat is heavily wounded.
Ijyb shouts!
The bat hits you but does no damage. The bat closely misses you.
Ijyb zaps a wand.
Your mind is blasted!
Aiming: Freeze (safe; 3% risk of failure)
Press: ? - help, Q - select action Shift-Dir - straight line, f/p - bat
Aim: a bat (heavily wounded)
You freeze the bat.
You kill the bat!
Ijyb zaps a wand.
You barely resist.
Ijyb screams, "No!
No, no, no, no!"
Ijyb zaps a wand.
Your mind is blasted!
Ouch! That really hurt!
* * * LOW HITPOINT WARNING * * *
Ijyb zaps a wand.
Your mind is blasted!
You die...

.## >.........# # ..#
.........## #.# ..#
..#.....#### ..# ...#
##..#g...####.## .#.#
#.............# .....
##............# ..####
##..#........# ###
#..#........## #
#..#...@.....# ##
#............# .##
##.#....<....# ..##
#.#.........# ...#
#.#.........#
...########...........#
......................#
.....##............<..#
......................#


You could see Ijyb.

Vanquished Creatures
  A gnoll (D:2)
  2 adders
  2 worms (D:2)
  2 dart slugs
  5 orcs
  4 endoplasms
  3 giant cockroaches
  9 goblins
  3 hobgoblins
  2 kobolds (D:3)
  6 ball pythons
  3 bats
  6 rats
48 creatures vanquished.

Vanquished Creatures (others)
  6 plants (D:3)
6 creatures vanquished.

Grand Total: 54 creatures vanquished

Notes
Turn   | Place    | Note
-------+----------+-------------------------------------------
     0 | D:1      | shadowrider38 the Demigod Ice Elementalist began the quest
                  | for the Orb.
     0 | D:1      | Reached XP level 1. HP: 14/14 MP: 5/5
   269 | D:1      | Reached skill level 4 in Ice Magic
   329 | D:1      | Reached XP level 2. HP: 22/22 MP: 5/7
   538 | D:1      | Reached skill level 1 in Fighting
  1303 | D:2      | Reached XP level 3. HP: 29/29 MP: 3/8
  2256 | D:3      | Learned a level 3 spell: Frozen Ramparts
  2281 | D:3      | Noticed Ijyb
  2874 | D:3      | Reached XP level 4. HP: 30/36 MP: 9/9
  3124 | D:3      | Noticed a gnoll sergeant
  3155 | D:3      | Found a transporter.
  3155 | D:3      | Found a transporter.
  3282 | D:3      | Blown up by Ijyb

Illustrated notes

Levels and vault maps discovered:
D:1:      nicolae_arrival_memento_mori, layout_basic
D:2:      layout_basic, basic_ecumenical_altar
D:3:      minmay_skewed_foursquare, layout_rooms, gammafunk_ghost_gnarly_gnolls,
          uniq_ijyb

Skill      XL: |  1  2  3 |
---------------+----------+-----
Stealth        | 2 |  2.0
Ice Magic      | 4 |  4.5
Fighting       | 1 2 |  2.0
Spellcasting   | 2 |  2.0
Dodging        | 2 |  2.0

Action                   |  1- 3 |  4- 6 || total
-------------------------+-------+-------++-------
Melee: Flail             |    12 |     8 ||    20
       Whip              |     1 |       ||     1
 Cast: Freeze            |    75 |     6 ||    81
  Use: Scroll            |     2 |       ||     2
 Stab: Sleeping          |     1 |       ||     1
Armor: Robe              |     2 |       ||     2
       Leather armour    |     8 |     3 ||    11
Dodge: Dodged            |    36 |     5 ||    41

Table legend: (Time is in decaauts)
 A = Elapsed time spent in this place.
 B = Non-inter-level travel time spent in this place.
 C = Inter-level travel time spent in this place.
 D = Time resting spent in this place.
 E = Time spent auto-exploring this place.
 F = Levels seen in this place.
 G = Mean time per level.
                   A        B        C        D        E       F      G
               +--------+--------+--------+--------+--------+-----+--------+
         Total |   3289 |   3151 |    138 |   1120 |   1521 |   3 | 1096.3 |
       Dungeon |   3289 |   3151 |    138 |   1120 |   1521 |   3 | 1096.3 |
               +--------+--------+--------+--------+--------+-----+--------+

Top non-repeatable levels by time:
     D:2: 1463 daAuts
     D:3: 946 daAuts
     D:1: 879 daAuts
